 Dungeon Crawl Stone Soup version 0.17-a0-1481-gfdcec5c (webtiles) character file.

7046 urechis the Grappler (level 10, -1/106 HPs)
             Began as a Troll Monk on July 4, 2015.
             Slain by a wyvern (16 damage)
             ... on level 9 of the Dungeon.
             The game lasted 00:17:31 (7921 turns).

urechis the Grappler (Troll Monk)                   Turns: 7921, Time: 00:17:32

Health: -1/106     AC:  7    Str: 29    XL:     10   Next: 83%
Magic:  9/9        EV: 10    Int:  6    God:
Gold:   546        SH:  0    Dex: 12    Spells: 0 memorised, 9 levels left

rFire  . . .     SeeInvis +       - Unarmed
rCold  . . .     Clarity  .     C - +2 robe {Archmagi}
rNeg   + . .     SustAt   .     (no shield)
rPois  .         Gourm    +     (helmet restricted)
rElec  .         Spirit   .     (no cloak)
rCorr  .         Warding  +     (gloves unavailable)
rMut   .         Stasis   .     (boots unavailable)
MR     .....                    I - amulet of warding (curse)
Stlth  +.........               w - ring of see invisible
                                t - ring of flight

@: mighty, not resistant to hostile enchantments, very unstealthy
A: unfitting armour, claws 3, fast metabolism 3, gourmand, regeneration 2,
shaggy fur 1, tough skin 2
a: Evoke Flight


You were on level 9 of the Dungeon.
You were very full.

You visited 2 branches of the dungeon, and saw 10 of its levels.
You also visited: Sewer.

You collected 546 gold pieces.

Inventory:

Hand weapons
 a - a +0 blowgun
Missiles
 q - 2 throwing nets (quivered)
 u - 28 poisoned needles
 G - 2 curare-tipped needles
Armour
 C - a +2 robe of the Archmagi (worn)
Jewellery
 i - an uncursed amulet of regeneration
 t - a ring of flight (left claw)
 w - a ring of see invisible (right claw)
 I - a cursed amulet of warding (around neck)
Magical devices
 z - a wand of invisibility (9)
 J - a wand of fire (7)
 K - a wand of random effects (21)
 P - a wand of confusion (20)
 Q - a wand of cold (5)
Scrolls
 d - 2 scrolls of immolation
 f - a scroll of random uselessness {unknown}
 h - a scroll of enchant armour
 k - 3 scrolls of recharging
 p - 3 scrolls of remove curse
 v - a scroll of fear
 y - 8 scrolls of teleportation
 D - a scroll of identify
 H - a scroll of noise {unknown}
 M - a scroll of magic mapping {unknown}
 O - a scroll of fog
Potions
 c - 2 potions of brilliance {unknown}
 e - 3 potions of curing
 g - a potion of haste {unknown}
 j - 4 potions of agility {unknown}
 l - 2 potions of degeneration {unknown}
 m - 4 potions of heal wounds {unknown}
 n - 2 potions of mutation {unknown}
 o - a potion of cure mutation {unknown}
 r - 2 potions of might
 x - 2 potions of magic {unknown}
 E - 2 potions of poison {unknown}
 F - 2 potions of flight {unknown}
Books
 A - a book of Battle

   Spells                             Type                      Level
   a - Infusion                       Charms                       1
   b - Shroud of Golubria             Charms/Translocation         2
   c - Song of Slaying                Charms                       2
   d - Spectral Weapon                Hexes/Charms                 3
   e - Regeneration                   Charms/Necromancy            3
Comestibles
 b - 12 bread rations
 s - a chunk of flesh
 B - 3 meat rations
 L - a royal jelly
 N - a beef jerky


   Skills:
 + Level 8.5 Fighting
 - Level 2.4 Dodging
 - Level 1.1 Stealth
 * Level 13.7 Unarmed Combat


You had 9 spell levels left.
You didn't know any spells.

Dungeon Overview and Level Annotations

Branches:
Dungeon (9/15)             Temple (1/1) D:5             Orc (0/4) D:9
   Lair: D:8-11

Altars:
Ashenzari
Cheibriados
Dithmenos
Elyvilon
Fedhas
Gozag
Makhleb
Nemelex Xobeh
Okawaru
Qazlal
Ru
Sif Muna
Trog
Vehumet
Xom
Yredelemnul
Zin
The Shining One

Shops:
D:6 }


Innate Abilities, Weirdness & Mutations

You are too large for most types of armour.
You have claws for hands.
Your metabolism is lightning-fast.
You like to eat raw meat.
You heal very quickly.
You are covered in fur (AC +1).
You have very tough skin (AC +2).


Message History

You are too injured to fight recklessly!
You are too injured to fight recklessly!
The wyvern bites you!!
* * * LOW HITPOINT WARNING * * *
There is an open door, spattered with blood here.
Things that are here:
a yak corpse x2
Drink which item? (? for menu, Esc to quit)
You feel very mighty all of a sudden.
The wyvern bites you but does no damage.
The giant frog zombie barely misses you.
You mangle the wyvern!!
The wyvern begins to bleed from its wounds!
The wyvern is severely wounded.
The wyvern closely misses you.
The giant frog zombie closely misses you.
You closely miss the wyvern.
The wyvern is severely wounded.
The wyvern bites you!
You die...

#........|...........#......
###.##########..##...######.
...###'##########..##...# #.
..........'...#.....#.....
..
..........#...'.....+.....
#....#....###+###...##.....
############..###...##.....
#....#Z...##.>...#
#....@l....+ ##..###...##
...#+ #...# ##. ...... #
........ ....##.. ...# ..
...#


You could see a wyvern (bleeding) and a giant frog zombie.

Vanquished Creatures
  Erolcha (D:8)
  Erica (D:9)
  Pikel (D:4)
  A two-headed ogre (D:8)
  Sigmund (D:3)
  10 yaks (D:9)
  A hippogriff (D:9)
  The ghost of urechis the Archer, an average CeHu (D:4)
  4 wargs (D:9)
  2 phantoms
  A slave (D:4)
  A sky beast (D:8)
  A necrophage (D:6)
  2 ogres (D:7)
  2 ice beasts (D:6)
  A centaur (D:5)
  A big kobold (Sewer)
  4 giant frogs
  5 scorpions
  A water moccasin skeleton (D:6)
  4 wights (D:8)
  3 crimson imps
  2 hounds
  2 giant frog zombies
  A jelly (D:9)
  A centaur skeleton (D:7)
  4 iguanas
  3 orc priests
  A giant frog skeleton (D:7)
  Jessica (D:3)
  Natasha (thrice) (D:3)
  2 orc wizards
  3 worker ants
  3 hound zombies
  3 hound skeletons
  2 worker ant zombies
  Robin (D:3)
  3 gnolls (D:8)
  11 adders
  2 river rats (Sewer)
  3 shadow imps
  4 oozes
  An adder zombie (D:5)
  A worm (D:2)
  3 adder skeletons
  5 giant geckos
  21 orcs
  13 bats
  4 giant cockroaches
  21 goblins
  16 hobgoblins
  5 jackals
  5 ball pythons
  5 giant newts
  23 kobolds
  14 rats
241 creatures vanquished.

Vanquished Creatures (others)
  An orc (D:9)
  A hobgoblin (D:9)
2 creatures vanquished.

Grand Total: 243 creatures vanquished

Notes
Turn   | Place    | Note
--------------------------------------------------------------
     0 | D:1      | urechis the Troll Monk began the quest for the Orb.
     0 | D:1      | Reached XP level 1. HP: 22/22 MP: 0/0
   102 | D:1      | Reached XP level 2. HP: 29/29 MP: 1/1
   641 | D:1      | Reached XP level 3. HP: 36/36 MP: 2/2
   838 | D:2      | Found a sparkling altar of Nemelex Xobeh.
   868 | D:2      | Found a basalt altar of Yredelemnul.
   881 | D:2      | Found a shattered altar of Ashenzari.
   902 | D:2      | Found a stormy altar of Qazlal.
   940 | D:2      | Reached skill level 5 in Unarmed Combat
  1134 | D:2      | Reached XP level 4. HP: 45/45 MP: 3/3
  1387 | D:3      | Noticed Jessica
  1396 | D:3      | Killed Jessica
  1484 | D:3      | Noticed Sigmund
  1502 | D:3      | Killed Sigmund
  1502 | D:3      | Reached skill level 6 in Unarmed Combat
  1502 | D:3      | Reached XP level 5. HP: 23/54 MP: 4/4
  1591 | D:3      | Noticed Natasha
  1597 | D:3      | Killed Natasha
  1597 | D:3      | Reached XP level 6. HP: 59/62 MP: 5/5
  1713 | D:3      | Noticed Robin
  1734 | D:3      | Killed Robin
  2155 | D:3      | Noticed Natasha
  2159 | D:3      | Killed Natasha
  2241 | D:3      | Noticed Natasha
  2248 | D:3      | Killed Natasha
  2989 | D:4      | Noticed Pikel
  2992 | D:4      | Noticed urechis's ghost (average CeHu)
  3020 | D:4      | Killed urechis's ghost
  3020 | D:4      | Reached skill level 7 in Unarmed Combat
  3035 | D:4      | Killed Pikel
  3035 | D:4      | Reached skill level 5 in Fighting
  3035 | D:4      | Reached skill level 8 in Unarmed Combat
  3035 | D:4      | Reached XP level 7. HP: 13/72 MP: 6/6
  3540 | D:5      | Entered Level 5 of the Dungeon
  3549 | D:5      | Reached XP level 8. HP: 65/80 MP: 7/7
  3687 | D:5      | Reached skill level 9 in Unarmed Combat
  3846 | D:5      | Found a staircase to the Ecumenical Temple.
  4102 | D:5      | Found a glowing drain.
  4213 | Sewer    | Entered a sewer
  4802 | Temple   | Entered the Ecumenical Temple
  5108 | D:6      | Found Yrixt's Quality Used Wands.
  5115 | D:6      | Reached skill level 10 in Unarmed Combat
  5457 | D:6      | Reached XP level 9. HP: 80/89 MP: 8/8
  5965 | D:7      | Found a burning altar of Makhleb.
  6004 | D:7      | Found a sacrificial altar of Ru.
  6108 | D:7      | Found a shimmering altar of Xom.
  6348 | D:7      | Reached skill level 11 in Unarmed Combat
  6961 | D:8      | Noticed Erolcha
  6973 | D:8      | Killed Erolcha
  6973 | D:8      | Reached skill level 12 in Unarmed Combat
  6973 | D:8      | Reached XP level 10. HP: 64/102 MP: 9/9
  7323 | D:9      | Noticed Erica
  7493 | D:9      | HP: 4/104 [Erica/scimitar of flaming (2)]
  7495 | D:9      | Killed Erica
  7690 | D:9      | Found a staircase to the Orcish Mines.
  7695 | D:9      | Reached skill level 13 in Unarmed Combat
  7921 | D:9      | Slain by a wyvern

Vault maps used:
D:1:      grunt_arrival_crossed_arrows, grunt_decor_mini_mirrors
D:2:      overflow_temple_1_default, grunt_temple_overflow_open, first_bread,
          nemelex_xobeh_ov_fountains_minmay
D:3:      uniq_jessica, uniq_sigmund, uniq_robin, uniq_natasha
D:4:      uniq_pikel
D:5:      temple_doors_e, portal_sewer_entry_e
D:6:      nicolae_for_you_no_charge
D:7:      xom_butterflies, nicolae_ru_sacrificial_ziggurat, bloody_makhleb
D:8:      uniq_erolcha
D:9:      lemuel_zombie_altar_kikubaaqudgha, minmay_orc_entry_guard_dogs,
          uniq_psyche, uniq_maurice, uniq_erica
Temple:   triangle_lava_temple_12
Sewer:    sewer_co_15_rooms

Action                   |  1- 3 |  4- 6 |  7- 9 | 10-12 || total
-------------------------+-------+-------+-------+-------++-------
Melee: Unarmed           |    70 |   152 |   353 |   103 ||   678
 Abil: Evoke Flight      |       |       |     1 |       ||     1
  Use: Scroll            |       |       |    10 |       ||    10
       Potion            |       |       |     1 |     5 ||     6
 Stab: Sleeping          |     4 |     1 |     4 |     1 ||    10
  Eat: Chunk             |     9 |    11 |    44 |     9 ||    73
       Meat ration       |     1 |       |       |       ||     1
       Beef jerky        |       |       |     1 |       ||     1
